| TOP OF THE 1ST |
|
Great Falls Voyagers batting - Pitching for Detroit (APP) Tigers : LHP Jayden Carey
|
|
Pitching: LHP Jayden Carey
|
|
|
Batting: RHB Andy Cotton
|
0-0: Ball 1-0: Called Strike 1-1: Ball 2-1: Called Strike 2-2: Ball 3-2: Strikes out swinging
|
|
Batting: RHB Russ Cornett
|
0-0: Called Strike 0-1: Ball 1-1: Ball 2-1: Ball 3-1: Called Strike 3-2: Strikes out swinging
|
|
Batting: SHB Rob Haney
|
0-0: Called Strike 0-1: Ball 1-1: SINGLE (Groundball, 4MS, EV 73.8 MPH) (infield hit)
|
|
Batting: RHB Billy Grubbs
|
0-0: Ball 1-0: Called Strike 1-1: Foul Ball, location: 2F 1-2: Strikes out swinging
|
| Top of the 1st over - 0 runs, 1 hit, 0 errors, 1 left on base; Great Falls 0 - Detroit (APP) 0 |
| BOTTOM OF THE 1ST |
|
Detroit (APP) Tigers batting - Pitching for Great Falls Voyagers : RHP Nate Woodard
|
|
Pitching: RHP Nate Woodard
|
|
|
Batting: LHB Timotheus Young
|
0-0: Called Strike 0-1: SOLO HOME RUN (Flyball, 9D, EV 96.9 MPH), Distance : 383 ft
|
|
Batting: RHB Kevin Steed
|
0-0: Foul Ball, location: 2F 0-1: Swinging Strike 0-2: Ball 1-2: Strikes out swinging
|
|
Batting: RHB Ernst Meloche
|
0-0: Called Strike 0-1: Ball 1-1: Foul Ball, location: 2F 1-2: SINGLE (Line Drive, 34, EV 97.5 MPH)
|
|
Batting: RHB Brandon Everett
|
0-0: Grounds into double play, 4-6-3 (Groundball, 4, EV 83.8 MPH)
|
| Bottom of the 1st over - 1 run, 2 hits, 0 errors, 0 left on base; Great Falls 0 - Detroit (APP) 1 |
| TOP OF THE 2ND |
|
Great Falls Voyagers batting - Pitching for Detroit (APP) Tigers : LHP Jayden Carey
|
|
Batting: RHB Mitch Cuadros
|
0-0: Ball 1-0: Ball 2-0: Swinging Strike 2-1: Foul Ball, location: 2F 2-2: Ball 3-2: Foul Ball, location: 2F 3-2: Base on Balls
|
|
Batting: RHB Tommy Ellington
|
0-0: Ball 1-0: Called Strike 1-1: Ball 2-1: Swinging Strike 2-2: Foul Ball, location: 2F 2-2: Ball 3-2: Fielders Choice at 2nd, 4-6 (Groundball, 34S, EV 78.8 MPH)
|
|
Batting: RHB Francisco Marin
|
0-0: Called Strike 0-1: Grounds into double play, 5-4-3 (Groundball, 56, EV 99.4 MPH)
|
| Top of the 2nd over - 0 runs, 0 hits, 0 errors, 0 left on base; Great Falls 0 - Detroit (APP) 1 |
| BOTTOM OF THE 2ND |
|
Detroit (APP) Tigers batting - Pitching for Great Falls Voyagers : RHP Nate Woodard
|
|
Batting: RHB Nate Dabney
|
0-0: Ball 1-0: Ball 2-0: Fly out, F7 (Flyball, 7, EV 97.5 MPH)
|
|
Batting: SHB Ronnie Lundy
|
0-0: Ball 1-0: Fly out, F8 (Line Drive, 78M, EV 97.5 MPH)
|
|
Batting: LHB Glen Boyle
|
0-0: Ball 1-0: Fly out, F7 (Flyball, 7D, EV 95.0 MPH)
|
| Bottom of the 2nd over - 0 runs, 0 hits, 0 errors, 0 left on base; Great Falls 0 - Detroit (APP) 1 |
| TOP OF THE 3RD |
|
Great Falls Voyagers batting - Pitching for Detroit (APP) Tigers : LHP Jayden Carey
|
|
Batting: RHB David Laureano
|
0-0: Swinging Strike 0-1: Called Strike 0-2: Strikes out swinging
|
|
Batting: LHB Jose Pereyra
|
0-0: Ball 1-0: Fly out, F8 (Flyball, 8LS, EV 95.6 MPH)
|
|
Batting: RHB Andy Cotton
|
0-0: Ball 1-0: Called Strike 1-1: Ball 2-1: Foul Ball, location: 2F 2-2: Foul Ball, location: 2F 2-2: Strikes out swinging
|
| Top of the 3rd over - 0 runs, 0 hits, 0 errors, 0 left on base; Great Falls 0 - Detroit (APP) 1 |
| BOTTOM OF THE 3RD |
|
Detroit (APP) Tigers batting - Pitching for Great Falls Voyagers : RHP Nate Woodard
|
|
Batting: RHB George Sonier
|
0-0: Foul Ball, location: 2F 0-1: Ball 1-1: Swinging Strike 1-2: Strikes out swinging
|
|
Batting: SHB Salvador Lacosta
|
0-0: Called Strike 0-1: SINGLE (Groundball, 34D, EV 101.2 MPH)
|
|
Batting: LHB Timotheus Young
|
0-0: Foul Ball, location: 2F 0-1: Ball 1-1: Called Strike 1-2: Ball 2-2: Foul Ball, location: 2F 2-2: Ball 3-2: SINGLE (Line Drive, 8RS, EV 98.1 MPH) Salvador Lacosta to second
|
|
Batting: RHB Kevin Steed
|
0-0: Fly out, F4 (Line Drive, 4, EV 66.2 MPH)
|
|
Batting: RHB Ernst Meloche
|
0-0: Called Strike 0-1: 3-RUN HOME RUN (Flyball, 7D, EV 99.4 MPH), Distance : 387 ft
|
|
Batting: RHB Brandon Everett
|
0-0: Foul Ball, location: 2F 0-1: Ball 1-1: Foul Ball, location: 2F 1-2: Ball 2-2: Ball 3-2: Foul Ball, location: 2F 3-2: SOLO HOME RUN (Line Drive, 7D, EV 111.2 MPH), Distance : 412 ft
|
|
Batting: RHB Nate Dabney
|
0-0: Called Strike 0-1: Ball 1-1: Ball 2-1: Called Strike 2-2: Ball 3-2: Foul Ball, location: 2F 3-2: Base on Balls
|
|
Batting: SHB Ronnie Lundy
|
0-0: Called Strike 0-1: Ball 1-1: Swinging Strike 1-2: Ball 2-2: Ball 3-2: Base on Balls Nate Dabney to second
|
|
Pitching: RHP Mark Fedor
|
|
|
Batting: LHB Glen Boyle
|
0-0: Called Strike 0-1: Called Strike 0-2: Ball 1-2: Strikes out swinging
|
| Bottom of the 3rd over - 4 runs, 4 hits, 0 errors, 2 left on base; Great Falls 0 - Detroit (APP) 5 |
| TOP OF THE 4TH |
|
Great Falls Voyagers batting - Pitching for Detroit (APP) Tigers : LHP Jayden Carey
|
|
Batting: RHB Russ Cornett
|
0-0: SINGLE (Line Drive, 5D, EV 105.0 MPH)
|
|
Batting: SHB Rob Haney
|
0-0: Fly out, F8 (Flyball, 8RM, EV 82.5 MPH)
|
|
Batting: RHB Billy Grubbs
|
0-0: Ball 1-0: Ball 2-0: Ball 3-0: Called Strike 3-1: Foul Ball, location: 2F 3-2: Base on Balls Russ Cornett to second
|
|
Batting: RHB Mitch Cuadros
|
0-0: Ball 1-0: SINGLE (Groundball, 34D, EV 102.5 MPH) Russ Cornett to third Billy Grubbs to second Runner from 3rd tries for Home, SAFE, throw by RF to home
|
|
Batting: RHB Tommy Ellington
|
0-0: Called Strike 0-1: Grounds into double play, 5-4-3 (Groundball, 5S, EV 83.8 MPH)
|
| Top of the 4th over - 1 run, 2 hits, 0 errors, 1 left on base; Great Falls 1 - Detroit (APP) 5 |
| BOTTOM OF THE 4TH |
|
Detroit (APP) Tigers batting - Pitching for Great Falls Voyagers : RHP Mark Fedor
|
|
Batting: RHB George Sonier
|
0-0: Called Strike 0-1: Ball 1-1: Ball 2-1: Called Strike 2-2: Ball 3-2: Base on Balls
|
|
Batting: SHB Salvador Lacosta
|
0-0: Called Strike 0-1: Fielders Choice at 2nd, 3-6 (Groundball, 3, EV 87.5 MPH)
|
|
Batting: LHB Timotheus Young
|
0-0: Ball 1-0: Fielders Choice at 2nd, 5-4 (Groundball, 5, EV 83.8 MPH)
|
|
Batting: RHB Kevin Steed
|
0-0: Ball 1-0: Foul Ball, location: 2F 1-1: Foul Ball, location: 2F 1-2: Ball 2-2: Fielders Choice at 2nd, U6 (Groundball, 6M, EV 106.2 MPH)
|
| Bottom of the 4th over - 0 runs, 0 hits, 0 errors, 1 left on base; Great Falls 1 - Detroit (APP) 5 |
| TOP OF THE 5TH |
|
Great Falls Voyagers batting - Pitching for Detroit (APP) Tigers : LHP Jayden Carey
|
|
Batting: RHB Francisco Marin
|
0-0: Swinging Strike 0-1: Ball 1-1: Ball 2-1: Foul Ball, location: 2F 2-2: Ball 3-2: Strikes out swinging
|
|
Batting: RHB David Laureano
|
0-0: Called Strike 0-1: Called Strike 0-2: Ground out U3 (Groundball, 34, EV 100.6 MPH)
|
|
Batting: LHB Jose Pereyra
|
0-0: Ball 1-0: Called Strike 1-1: Swinging Strike 1-2: Ball 2-2: Ball 3-2: Strikes out swinging
|
| Top of the 5th over - 0 runs, 0 hits, 0 errors, 0 left on base; Great Falls 1 - Detroit (APP) 5 |
| BOTTOM OF THE 5TH |
|
Detroit (APP) Tigers batting - Pitching for Great Falls Voyagers : RHP Mark Fedor
|
|
Batting: RHB Ernst Meloche
|
0-0: Called Strike 0-1: Swinging Strike 0-2: Ball 1-2: Ball 2-2: Ball 3-2: SOLO HOME RUN (Flyball, 8LXD, EV 107.5 MPH), Distance : 438 ft
|
|
Batting: RHB Brandon Everett
|
0-0: Called Strike 0-1: Foul Ball, location: 2F 0-2: Fly out, F9 (Line Drive, 9, EV 105.0 MPH)
|
|
Batting: RHB Nate Dabney
|
0-0: Ball 1-0: Ball 2-0: Fly out, F7 (Flyball, 78M, EV 91.2 MPH)
|
|
Batting: SHB Ronnie Lundy
|
0-0: Ground out 4-3 (Groundball, 4M, EV 103.8 MPH)
|
| Bottom of the 5th over - 1 run, 1 hit, 0 errors, 0 left on base; Great Falls 1 - Detroit (APP) 6 |
| TOP OF THE 6TH |
|
Great Falls Voyagers batting - Pitching for Detroit (APP) Tigers : LHP Jayden Carey
|
|
Batting: RHB Andy Cotton
|
0-0: Foul Ball, location: 2F 0-1: Foul Ball, location: 2F 0-2: Ball 1-2: Ball 2-2: Ball 3-2: Reached on error, E4 (Groundball, 4, EV 84.4 MPH)
|
|
Batting: RHB Russ Cornett
|
0-0: Ball 1-0: Foul Ball, location: 2F 1-1: Ball 2-1: Foul Ball, location: 2F 2-2: Ball Wild Pitch! Andy Cotton to second 3-2: Ground out 5-3 (Groundball, 56, EV 84.4 MPH)
|
|
Batting: SHB Rob Haney
|
0-0: Called Strike 0-1: Ball Passed Ball! Andy Cotton to third 1-1: Ball 2-1: Ball Steal of home, Andy Cotton is out 3-1: Foul Ball, location: 2F 3-2: Foul Ball, location: 2F 3-2: Foul Ball, location: 2F 3-2: Strikes out swinging
|
| Top of the 6th over - 0 runs, 0 hits, 1 error, 0 left on base; Great Falls 1 - Detroit (APP) 6 |
| BOTTOM OF THE 6TH |
|
Detroit (APP) Tigers batting - Pitching for Great Falls Voyagers : RHP Mark Fedor
|
|
Batting: LHB Glen Boyle
|
0-0: Ball 1-0: Foul Ball, location: 2F 1-1: Fly out, F9 (Flyball, 89D, EV 91.9 MPH)
|
|
Batting: RHB George Sonier
|
0-0: Ball 1-0: Foul Ball, location: 2F 1-1: Ball 2-1: Foul Ball, location: 2F 2-2: Foul Ball, location: 2F 2-2: Ball 3-2: Foul Ball, location: 2F 3-2: SINGLE (Groundball, 56S, EV 70.6 MPH) (infield hit)
|
|
Batting: SHB Salvador Lacosta
|
0-0: Fly out, F7 (Flyball, 7, EV 82.5 MPH)
|
|
Batting: LHB Timotheus Young
|
0-0: Called Strike 0-1: Swinging Strike 0-2: SINGLE (Groundball, 34D, EV 99.4 MPH) George Sonier to second Runner from 2nd tries for 3rd, OUT! 9-5
|
| Bottom of the 6th over - 0 runs, 2 hits, 0 errors, 1 left on base; Great Falls 1 - Detroit (APP) 6 |
| TOP OF THE 7TH |
|
Great Falls Voyagers batting - Pitching for Detroit (APP) Tigers : LHP Jayden Carey
|
|
Batting: RHB Billy Grubbs
|
0-0: Foul Ball, location: 2F 0-1: Ball 1-1: Foul Ball, location: 2F 1-2: Ball 2-2: Foul Ball, location: 2F 2-2: Ground out 6-3 (Groundball, 6, EV 83.8 MPH)
|
|
Batting: RHB Mitch Cuadros
|
0-0: Ball 1-0: Called Strike 1-1: Swinging Strike 1-2: TRIPLE (Line Drive, 8RXD, EV 101.9 MPH)
|
|
Batting: RHB Tommy Ellington
|
0-0: Ball 1-0: Ball 2-0: Ball 3-0: Called Strike 3-1: Foul Ball, location: 2F 3-2: Strikes out swinging
|
|
Pitching: RHP Bert Hernandez
|
|
|
Batting: RHB Francisco Marin
|
0-0: Foul Ball, location: 2F 0-1: Ball 1-1: Foul Ball, location: 2F 1-2: Foul Ball, location: 2F 1-2: Foul Ball, location: 2F 1-2: Ball 2-2: Ball 3-2: Foul Ball, location: 2F 3-2: Fly out, F8 (Flyball, 8LS, EV 93.8 MPH)
|
| Top of the 7th over - 0 runs, 1 hit, 0 errors, 1 left on base; Great Falls 1 - Detroit (APP) 6 |
| BOTTOM OF THE 7TH |
|
Detroit (APP) Tigers batting - Pitching for Great Falls Voyagers : RHP Mark Fedor
|
|
Batting: RHB Kevin Steed
|
0-0: Ball 1-0: Ground out 4-3 (Groundball, 4, EV 78.1 MPH)
|
|
Batting: RHB Ernst Meloche
|
0-0: Ball 1-0: Ball 2-0: Ball 3-0: Base on Balls
|
|
Pitching: LHP Phil Peterson
|
|
|
Batting: RHB Brandon Everett
|
0-0: Called Strike 0-1: Called Strike 0-2: Strikes out swinging
|
|
Batting: RHB Nate Dabney
|
0-0: Ball 1-0: Ball 2-0: Called Strike 2-1: Foul Ball, location: 2F 2-2: Hit by Pitch Ernst Meloche to second
|
|
Batting: SHB Ronnie Lundy
|
0-0: Ball 1-0: Swinging Strike 1-1: Fly out, F9 (Flyball, 9D, EV 103.1 MPH)
|
| Bottom of the 7th over - 0 runs, 0 hits, 0 errors, 2 left on base; Great Falls 1 - Detroit (APP) 6 |
| TOP OF THE 8TH |
|
Great Falls Voyagers batting - Pitching for Detroit (APP) Tigers : RHP Bert Hernandez
|
|
Batting: RHB David Laureano
|
0-0: Called Strike 0-1: DOUBLE (Line Drive, 7LS, EV 107.5 MPH)
|
|
Batting: LHB Jose Pereyra
|
0-0: Ball 1-0: Ground out 4-3 (Groundball, 4, EV 90.6 MPH) David Laureano to third
|
|
Batting: RHB Andy Cotton
|
0-0: Ball 1-0: Foul Ball, location: 2F 1-1: Foul Ball, location: 2F 1-2: Foul Ball, location: 2F 1-2: 2-RUN HOME RUN (Flyball, 78XD, EV 110.6 MPH), Distance : 426 ft
|
|
Pitching: RHP Mike Santana
|
|
|
Batting: RHB Russ Cornett
|
0-0: Ball 1-0: Ball 2-0: Ball 3-0: Called Strike 3-1: Foul Ball, location: 2F 3-2: Fly out, F5 (Line Drive, 5, EV 63.1 MPH)
|
|
Batting: SHB Rob Haney
|
0-0: Foul Ball, location: 2F 0-1: Called Strike 0-2: Ball 1-2: Strikes out swinging
|
| Top of the 8th over - 2 runs, 2 hits, 0 errors, 0 left on base; Great Falls 3 - Detroit (APP) 6 |
| BOTTOM OF THE 8TH |
|
Detroit (APP) Tigers batting - Pitching for Great Falls Voyagers : LHP Phil Peterson
|
|
Batting: LHB Glen Boyle
|
0-0: Ball 1-0: Called Strike 1-1: Ball 2-1: Ball 3-1: Called Strike 3-2: Foul Ball, location: 2F 3-2: Fly out, F9 (Flyball, 9D, EV 98.8 MPH)
|
|
Batting: RHB George Sonier
|
0-0: Called Strike 0-1: Ground out 6-3 (Groundball, 56, EV 78.8 MPH)
|
|
Batting: SHB Salvador Lacosta
|
0-0: Ball 1-0: Ball 2-0: Foul Ball, location: 2F 2-1: Called Strike 2-2: Foul Ball, location: 2F 2-2: Foul Ball, location: 2F 2-2: Ball 3-2: Foul Ball, location: 2F 3-2: Strikes out swinging
|
| Bottom of the 8th over - 0 runs, 0 hits, 0 errors, 0 left on base; Great Falls 3 - Detroit (APP) 6 |
| TOP OF THE 9TH |
|
Great Falls Voyagers batting - Pitching for Detroit (APP) Tigers : RHP Mike Santana
|
|
Batting: RHB Billy Grubbs
|
0-0: Called Strike 0-1: Called Strike 0-2: Strikes out swinging
|
|
Batting: RHB Mitch Cuadros
|
0-0: Ball 1-0: Ball 2-0: Ball 3-0: Base on Balls
|
|
Batting: RHB Tommy Ellington
|
0-0: DOUBLE (Line Drive, 5D, EV 98.1 MPH) Mitch Cuadros to third
|
|
Batting: RHB Francisco Marin
|
0-0: Ball 1-0: Foul Ball, location: 2F 1-1: Foul Ball, location: 2F 1-2: Strikes out swinging
|
|
Batting: RHB David Laureano
|
0-0: Ball 1-0: Foul Ball, location: 2F 1-1: Ball 2-1: DOUBLE (Flyball, 89D, EV 105.6 MPH) Mitch Cuadros scores Tommy Ellington scores
|
|
Pitching: RHP Alex Amparo
|
|
|
Now in LF: Isao Fukui
|
|
|
Now in RF: Seth Fox
|
|
|
Pinch Hitting: RHB Brad Adams Jr.
|
0-0: Ball 1-0: DOUBLE (Line Drive, 9LS, EV 109.4 MPH) David Laureano scores
|
|
Batting: RHB Andy Cotton
|
0-0: Called Strike 0-1: Foul Ball, location: 2F 0-2: Foul Ball, location: 2F 0-2: Ball 1-2: Ground out 6-3 (Groundball, 6M, EV 96.9 MPH)
|
| Top of the 9th over - 3 runs, 3 hits, 0 errors, 1 left on base; Great Falls 6 - Detroit (APP) 6 |
| BOTTOM OF THE 9TH |
|
Detroit (APP) Tigers batting - Pitching for Great Falls Voyagers : LHP Phil Peterson
|
|
Now in LF: David Cortez
|
|
|
Batting: LHB Timotheus Young
|
0-0: Ball 1-0: Swinging Strike 1-1: Called Strike 1-2: Strikes out swinging
|
|
Batting: RHB Kevin Steed
|
0-0: Called Strike 0-1: Foul Ball, location: 2F 0-2: Hit by Pitch
|
|
Batting: RHB Ernst Meloche
|
0-0: Ball 1-0: Ball 2-0: Swinging Strike 2-1: Foul Ball, location: 2F 2-2: SINGLE (Groundball, 34, EV 107.5 MPH) (infield hit) Kevin Steed to second
|
|
Batting: RHB Brandon Everett
|
0-0: Called Strike 0-1: Foul Ball, location: 2F 0-2: SINGLE (Groundball, 56D, EV 95.0 MPH) Kevin Steed to third Ernst Meloche to second Runner from 3rd tries for Home, throw by LF and OUT! 7-2 Ernst Meloche to third Brandon Everett to second
|
|
Batting: RHB Seth Fox
|
0-0: Intentional Walk
|
|
Pinch Hitting: RHB Yasutaka Yamasaki
|
0-0: Ball 1-0: Foul Ball, location: 2F 1-1: Foul Ball, location: 2F 1-2: Foul Ball, location: 2F 1-2: Strikes out swinging
|
| Bottom of the 9th over - 0 runs, 2 hits, 0 errors, 3 left on base; Great Falls 6 - Detroit (APP) 6 |
| TOP OF THE 10TH |
|
Great Falls Voyagers batting - Pitching for Detroit (APP) Tigers : RHP Alex Amparo
|
|
Now in LF: Yasutaka Yamasaki
|
|
|
Batting: RHB Russ Cornett
|
0-0: Called Strike 0-1: Swinging Strike 0-2: Ball 1-2: Foul Ball, location: 2F 1-2: Ball 2-2: Ball 3-2: Ground out 5-3 (Groundball, 56, EV 102.5 MPH)
|
|
Batting: SHB Rob Haney
|
0-0: Ball 1-0: Foul Ball, location: 2F 1-1: Called Strike 1-2: Foul Ball, location: 2F 1-2: Ball 2-2: Strikes out looking
|
|
Pitching: LHP Jim Belcher
|
|
|
Batting: RHB Billy Grubbs
|
0-0: Called Strike 0-1: Ground out 4-3 (Groundball, 4, EV 98.1 MPH)
|
| Top of the 10th over - 0 runs, 0 hits, 0 errors, 0 left on base; Great Falls 6 - Detroit (APP) 6 |
| BOTTOM OF THE 10TH |
|
Detroit (APP) Tigers batting - Pitching for Great Falls Voyagers : LHP Phil Peterson
|
|
Pitching: RHP Toyotoshi Matsui
|
|
|
Batting: LHB Glen Boyle
|
0-0: Ball 1-0: Called Strike 1-1: Foul Ball, location: 2F 1-2: Strikes out swinging
|
|
Batting: RHB George Sonier
|
0-0: Ball 1-0: Ball 2-0: Called Strike 2-1: Ball 3-1: Base on Balls
|
|
Batting: SHB Salvador Lacosta
|
0-0: Fielders Choice at 2nd, 6-4 (Groundball, 6S, EV 90.6 MPH)
|
|
Batting: LHB Timotheus Young
|
0-0: Called Strike 0-1: Swinging Strike 0-2: Strikes out swinging
|
| Bottom of the 10th over - 0 runs, 0 hits, 0 errors, 1 left on base; Great Falls 6 - Detroit (APP) 6 |
| TOP OF THE 11TH |
|
Great Falls Voyagers batting - Pitching for Detroit (APP) Tigers : LHP Jim Belcher
|
|
Batting: RHB Mitch Cuadros
|
0-0: Called Strike 0-1: Called Strike 0-2: Ball 1-2: Ball 2-2: Ball 3-2: Base on Balls
|
|
Batting: RHB Tommy Ellington
|
0-0: Ball 1-0: Ball 2-0: Ball 3-0: Base on Balls Mitch Cuadros to second
|
|
Batting: RHB Francisco Marin
|
0-0: Ball 1-0: Ball 2-0: Ball 3-0: Base on Balls Mitch Cuadros to third Tommy Ellington to second
|
|
Batting: RHB David Laureano
|
0-0: Ball 1-0: Foul Ball, location: 2F 1-1: SINGLE (Groundball, 6M, EV 101.9 MPH) Mitch Cuadros scores Tommy Ellington to third Francisco Marin to second Runner from 3rd tries for Home, throw by CF and OUT! 8-2
|
|
Pinch Runner at 2nd Jose Romo:
|
|
|
Batting: RHB David Cortez
|
0-0: Foul Ball, location: 2F 0-1: Swinging Strike 0-2: Ball 1-2: Strikes out swinging
|
|
Batting: RHB Andy Cotton
|
0-0: Ball 1-0: Swinging Strike 1-1: Called Strike 1-2: Fly out, F5 (Popup, 25F, EV 85.0 MPH)
|
| Top of the 11th over - 1 run, 1 hit, 0 errors, 2 left on base; Great Falls 7 - Detroit (APP) 6 |
| BOTTOM OF THE 11TH |
|
Detroit (APP) Tigers batting - Pitching for Great Falls Voyagers : RHP Toyotoshi Matsui
|
|
Now at 1B: Bill Stern
|
|
|
Batting: RHB Kevin Steed
|
0-0: Ball 1-0: Ball 2-0: Ball 3-0: Base on Balls
|
|
Batting: RHB Ernst Meloche
|
0-0: Called Strike 0-1: Ball 1-1: Foul Ball, location: 2F 1-2: Ball 2-2: Ball 3-2: SINGLE (Line Drive, 89M, EV 97.5 MPH) Kevin Steed to second Runner from 2nd tries for 3rd, SAFE, throw by RF made to third
|
|
Batting: RHB Brandon Everett
|
0-0: Foul Ball, location: 2F 0-1: Ball 1-1: Foul Ball, location: 2F 1-2: Foul Ball, location: 2F 1-2: Strikes out swinging
|
|
Batting: RHB Seth Fox
|
0-0: Ball 1-0: Called Strike 1-1: Foul Ball, location: 2F 1-2: Foul Ball, location: 2F 1-2: Foul Ball, location: 2F 1-2: Strikes out swinging
|
|
Batting: RHB Yasutaka Yamasaki
|
0-0: Fly out, F9 (Flyball, 89M, EV 80.6 MPH)
|
| Bottom of the 11th over - 0 runs, 1 hit, 0 errors, 2 left on base; Great Falls 7 - Detroit (APP) 6 |
|